 Dungeon Crawl Stone Soup version 0.22-a0-283-g1871b15 (webtiles) character file.

950 nikopol the Magician (level 7, -2/37 HPs)
             Began as a Deep Elf Fire Elementalist on Mar 19, 2018.
             Slain by a phantom (5 damage)
             ... on level 7 of the Dungeon.
             The game lasted 00:13:56 (4352 turns).

nikopol the Magician (Deep Elf Fire Elementalist)   Turns: 4352, Time: 00:13:57

Health: -2/37      AC:  5    Str:  5    XL:     7   Next: 90%
Magic:  1/20       EV: 13    Int: 22    God:
Gold:   189        SH:  0    Dex: 15    Spells: 6/21 levels left

rFire    . . .     SeeInvis .   (no weapon)
rCold    . . .     Gourm    .   (no shield)
rNeg     . . .     Faith    .   a - +0 robe
rPois    .         Spirit   .   b - +2 hat
rElec    .         Reflect  .   n - scarf {cloud immunity}
rCorr    .         Harm     .   m - +0 pair of gloves (curse)
MR       .....                  (no boots)
Stlth    +++.......             (no amulet)
HPRegen  0.12/turn              (no ring)
MPRegen  0.17/turn              (no ring)

@: no status effects
A: no striking features
a: no special abilities


You were on level 7 of the Dungeon.
You were very hungry.

You visited 1 branch of the dungeon, and saw 5 of its levels.

You collected 189 gold pieces.

Inventory:

Armour
 a - a +0 robe (worn)
 b - a +2 hat (worn)
 m - a cursed +0 pair of gloves (worn)
 n - a scarf of cloud immunity (worn)
Jewellery
 v - an uncursed amulet of the acrobat {unknown}
Wands
 x - a wand of flame (6)
Scrolls
 d - 4 scrolls of amnesia {unknown}
 e - a scroll of immolation {unknown}
 g - 2 scrolls of remove curse {unknown}
 i - 2 scrolls of magic mapping {unknown}
 l - a scroll of enchant armour {unknown}
 o - a scroll of random uselessness {unknown}
 s - 4 scrolls of identify {unknown}
Potions
 f - 2 potions of heal wounds {unknown}
 h - 2 potions of agility {unknown}
 j - a potion of lignification {unknown}
 k - a potion of flight {unknown}
 p - a potion of ambrosia {unknown}
 q - 2 potions of might {unknown}
 r - a potion of curing {unknown}
 t - a potion of brilliance {unknown}
 u - a potion of haste {unknown}
 w - a potion of cancellation {unknown}
 z - 2 potions of mutation {unknown}
Comestibles
 c - 4 rations


   Skills:
 + Level 0.8 Fighting
 + Level 3.2 Dodging
 + Level 3.9 Stealth
 + Level 7.8 Spellcasting
 + Level 4.6 Conjurations
 + Level 6.0 Fire Magic


You had 6 spell levels left.
You knew the following spells:

 Your Spells              Type           Power        Failure   Level  Hunger
a - Flame Tongue          Conj/Fire      ####.        1%          1    None
b - Throw Flame           Conj/Fire      ####..       1%          2    None
c - Conjure Flame         Conj/Fire      ####....     2%          3    None
d - Sticky Flame          Conj/Fire      ####....     9%          4    ###....
e - Fireball              Conj/Fire      ####......   22%         5    #####..


Dungeon Overview and Level Annotations

Branches:
Dungeon (4/15)
 Temple: D:4-7

Altars:
Elyvilon
Hepliaklqana
Nemelex Xobeh
Xom

Annotations:
D:4 Sigmund


Message History

Confirm with . or Enter, or press ? or * to list all spells.
Aiming: Flame Tongue (safe; 1% risk of failure)
Press: ? - help, Shift-Dir - straight line, f - killer bee
Aim: a killer bee The flame tongue hits the killer bee.
The killer bee is lightly wounded.
The killer bee completely misses you. The killer bee misses you.
Casting: Flame Tongue (safe; 1% risk of failure)
Confirm with . or Enter, or press ? or * to list all spells.
Aiming: Flame Tongue (safe; 1% risk of failure)
Press: ? - help, Shift-Dir - straight line, f/p - killer bee
Aim: a killer bee (lightly wounded)
The flame tongue misses the killer bee.
The killer bee stings you but does no damage. x2
The phantom barely misses you. The killer bee stings you.
* * * LOW HITPOINT WARNING * * *
You closely miss the phantom.
The phantom is severely damaged.
The killer bee completely misses you. The phantom hits you.
You die...

# ###### # #F...#
############# #.##.#
.F..........# #.##.#
###########.# #F##.#
....%.....#.######.##.#
.........)...F.....##.#
###.......#.#########.##
. ...........y@W.....# #
########†############ .
.........# # ##########


You could see a phantom and a killer bee.

Vanquished Creatures
  Grinder (D:3)
  2 ogres (D:4)
  A bullfrog (D:7)
  A scorpion (D:4)
  2 killer bees (D:7)
  2 hounds (D:4)
  An orc priest (D:4)
  2 orc wizards (D:3)
  An iguana (D:4)
  2 worker ants (D:4)
  A gnoll (D:3)
  3 adders (D:3)
  An ooze (D:3)
  A dart slug (D:1)
  6 leopard geckos
  22 orcs
  A ball python (D:2)
  7 bats
  5 giant cockroaches
  6 goblins
  12 hobgoblins
  4 jackals (D:3)
  2 quokkas (D:2)
  4 frilled lizards
  9 kobolds
  A leopard gecko skeleton (D:4)
  8 rats
108 creatures vanquished.

Notes
Turn   | Place    | Note
-------+----------+-------------------------------------------
     0 | D:1      | nikopol the Deep Elf Fire Elementalist began the quest for the Orb.
     0 | D:1      | Reached XP level 1. HP: 10/10 MP: 6/6
   314 | D:1      | Reached XP level 2. HP: 15/15 MP: 5/8
   318 | D:1      | Learned a level 2 spell: Throw Flame
   714 | D:1      | Reached XP level 3. HP: 19/19 MP: 8/10
   743 | D:1      | You fall through a shaft!
   752 | D:2      | Found a hazy altar of Hepliaklqana.
  1751 | D:3      | Noticed Grinder
  1762 | D:2      | Learned a level 3 spell: Conjure Flame
  1921 | D:3      | Reached skill level 4 in Spellcasting
  1921 | D:3      | Reached XP level 4. HP: 24/24 MP: 10/12
  2089 | D:3      | Reached XP level 5. HP: 21/28 MP: 7/14
  2588 | D:3      | Killed Grinder
  2588 | D:3      | Reached skill level 5 in Spellcasting
  2588 | D:3      | Reached skill level 5 in Fire Magic
  2588 | D:3      | Reached XP level 6. HP: 24/32 MP: 2/16
  2894 | D:3      | Learned a level 4 spell: Sticky Flame
  2962 | D:3      | Found a sparkling altar of Nemelex Xobeh.
  3111 | D:3      | Reached skill level 6 in Spellcasting
  3234 | D:3      | Found a shimmering altar of Xom.
  3529 | D:4      | Reached XP level 7. HP: 27/36 MP: 3/19
  3811 | D:4      | Reached skill level 7 in Spellcasting
  4072 | D:4      | Noticed Sigmund
  4227 | D:4      | Found a white marble altar of Elyvilon.
  4235 | D:4      | Learned a level 5 spell: Fireball
  4251 | D:4      | You fall through a shaft for 3 floors!
  4352 | D:7      | Slain by a phantom

Vault maps used:
D:1:      mrwooster_arrival_statue_2, minivault_24
D:2:      nicolae_overflow_crystal_walls, minmay_misc_feat_columns
D:3:      tgw_xom, lemuel_crystal_altar, uniq_grinder
D:4:      zin_academy, lemuel_coloured_pillars_altar, first_ration, uniq_sigmund
D:7:      old_standard_altar

Skill      XL: |  1  2  3  4  5  6  7 |
---------------+----------------------+-----
Fire Magic     | 4 5 6 |  6.0
Spellcasting   | 4 5 6 7 |  7.8
Conjurations   | 2 3 4 |  4.6
Stealth        | 3 |  3.9
Dodging        | 3 |  3.2
Fighting       | |  0.8

Action                   |  1- 3 |  4- 6 |  7- 9 || total
-------------------------+-------+-------+-------++-------
Melee: Unarmed           |       |       |     1 ||     1
 Cast: Flame Tongue      |    92 |    81 |    38 ||   211
       Conjure Flame     |       |     3 |     4 ||     7
       Throw Flame       |       |     2 |     3 ||     5
       Sticky Flame      |       |     5 |     5 ||    10
  Eat: Chunk             |     3 |     4 |     3 ||    10
Armor: Robe              |     2 |    11 |     4 ||    17
Dodge: Dodged            |    16 |    22 |    10 ||    48

Table legend:
 A = Spawn XP
 B = Non-spawn XP
 C = Spawn XP percentage of total XP
 D = Spawn monster count
 E = Non-spawn monster count
 F = Spawn count percentage of total count
 G = Total turns spent on level
                    A         B        C        D         E        F      G
               +---------+---------+-------+---------+---------+-------+---------
         Total |       0 |    1358 |   0.0 |       0 |     108 |   0.0 |  4352
               +---------+---------+-------+---------+---------+-------+---------
           D:1 |       0 |      51 |   0.0 |       0 |      28 |   0.0 |  1026
           D:2 |       0 |      34 |   0.0 |       0 |      17 |   0.0 |   757
           D:3 |       0 |     505 |   0.0 |       0 |      47 |   0.0 |  1590
           D:4 |       0 |     549 |   0.0 |       0 |      13 |   0.0 |   878
           D:7 |       0 |     219 |   0.0 |       0 |       3 |   0.0 |   101
               +---------+---------+-------+---------+---------+-------+---------
